 Dungeon Crawl Stone Soup version 0.18.1-8-gdd0e5ea (webtiles) character file.

69 Gargoyl the Skirmisher (level 4, 0/36 HPs)
             Began as a Demonspawn Abyssal Knight on May 23, 2016.
             Was a Follower of Lugonu.
             Slain by Ordine's ghost (1 damage)
             ... on level 3 of the Dungeon.
             The game lasted 00:03:10 (1608 turns).

Gargoyl the Skirmisher (Demonspawn Abyssal Knight)  Turns: 1608, Time: 00:03:11

Health: 0/36       AC:  8    Str: 13    XL:     4   Next: 2%
Magic:  5/5        EV:  9    Int: 13    God:    Lugonu [*.....]
Gold:   196        SH:  0    Dex: 13    Spells: 0 memorised, 3 levels left

rFire  . . .     SeeInvis .     a - +1 hand axe
rCold  . . .     Gourm    .     d - +0 scale mail
rNeg   . . .     Faith    .     (no shield)
rPois  .         Spirit   .     (no helmet)
rElec  .         Dismiss  .     (no cloak)
rCorr  .         Reflect  .     (no gloves)
SustAt .         Harm     .     (no boots)
MR     .....                    (no amulet)
Stlth  ..........               (no ring)
                                e - +2 ring of protection

@: not resistant to hostile enchantments, extremely unstealthy
A: foul stench 1, rot immunity
a: Depart the Abyss, Renounce Religion


You were on level 3 of the Dungeon.
You worshipped Lugonu.
Lugonu was aware of your devotion.
You were hungry.

You visited 1 branch of the dungeon, and saw 3 of its levels.
You visited the Abyss 1 time.

You collected 196 gold pieces.

Inventory:

Hand Weapons
 a - a +1 hand axe (weapon)
Missiles
 k - 2 tomahawks (quivered)
Armour
 d - a +0 scale mail (worn)
Jewellery
 e - a +2 ring of protection (left hand)
 p - an uncursed ring of magical power {unknown}
Scrolls
 h - a scroll of random uselessness {unknown}
 j - 2 scrolls of blinking {unknown}
 m - a scroll of identify {unknown}
 o - 2 scrolls of noise {unknown}
Potions
 f - 2 potions of heal wounds
 l - a potion of might {unknown}
 n - 2 potions of brilliance {unknown}
Miscellaneous
 b - a crystal ball of energy
Comestibles
 c - 2 bread rations
 g - 4 meat rations
 i - a slice of pizza


   Skills:
 + Level 3.6 Fighting
 + Level 2.0 Axes
 * Level 2.6 Armour
 + Level 1.7 Dodging
 + Level 2.6 Invocations


You had 3 spell levels left.
You didn't know any spells.

Dungeon Overview and Level Annotations

Branches:
Dungeon (3/15)

Altars:
Fedhas
Nemelex Xobeh
Okawaru
Pakellas
Ru
Xom

Annotations:
D:3 Ordine's ghost, amateur OgWr


Innate Abilities, Weirdness & Mutations

You may emit foul miasma when damaged in melee.
You are immune to rotting.


Message History

Ordine's ghost is severely damaged.
Ordine's ghost hits you but does no damage.
You hit Ordine's ghost but do no damage.
Ordine's ghost is severely damaged.
Ordine's ghost hits you! x2; You emit a cloud of foul miasma!
You hit Ordine's ghost but do no damage.
Ordine's ghost is severely damaged.
Ordine's ghost hits you!
* * * LOW HITPOINT WARNING * * *
You hit Ordine's ghost.
Ordine's ghost is severely damaged.
Ordine's ghost hits you but does no damage.
You hit Ordine's ghost.
Ordine's ghost is severely damaged.
Ordine's ghost hits you!
* * * LOW HITPOINT WARNING * * *
You hit Ordine's ghost but do no damage.
Ordine's ghost is severely damaged.
Ordine's ghost hits you.
You die...

#.# #.#
#.# #.#
##.## ...
#.#####.#
#@.......
#W#####.#
#†# #.#
... ..#
.... ..#.
... .


You could see Ordine's ghost.

Vanquished Creatures
  An adder (D:2)
  An ooze (D:1)
  A worm (D:2)
  A dart slug (D:1)
  5 giant geckos
  A giant cockroach (D:1)
  6 goblins
  5 hobgoblins
  A ball python (D:3)
  7 bats
  4 giant newts
  5 kobolds
  11 rats
49 creatures vanquished.

Notes
Turn   | Place    | Note
--------------------------------------------------------------
     0 | Abyss:1  | Gargoyl the Demonspawn Abyssal Knight began the quest for the Orb.
     0 | Abyss:1  | Reached XP level 1. HP: 18/18 MP: 2/2
    46 | Abyss:1  | Found a burning altar of Makhleb.
    84 | Abyss:2  | Noticed a worldbinder
    87 | Abyss:2  | Noticed an orc priest
    88 | D:1      | Escaped the Abyss
   206 | D:1      | Gained mutation: You are immune to rotting. [demonic ancestry]
   206 | D:1      | Reached XP level 2. HP: 24/24 MP: 3/3
   221 | D:1      | Reached * piety under Lugonu
   221 | D:1      | Reached skill level 1 in Dodging
   623 | D:1      | Reached XP level 3. HP: 29/29 MP: 4/4
  1500 | D:2      | Found a blossoming altar of Fedhas.
  1502 | D:2      | Found an oddly glowing altar of Pakellas.
  1508 | D:2      | Found a shimmering altar of Xom.
  1509 | D:2      | Found a sacrificial altar of Ru.
  1509 | D:2      | Found an iron altar of Okawaru.
  1512 | D:2      | Found a sparkling altar of Nemelex Xobeh.
  1572 | D:3      | Noticed Ordine's ghost (amateur OgWr)
  1584 | D:3      | Gained mutation: You may emit foul miasma when damaged in melee. [demonic ancestry]
  1584 | D:3      | Reached XP level 4. HP: 32/36 MP: 5/5
  1607 | D:3      | HP: 1/36 [Ordine's ghost (8)]
  1608 | D:3      | Slain by Ordine's ghost

Skill      XL: |  1  2  3 |
---------------+----------+-----
Armour         | 2 |  2.6
Dodging        | 1 |  1.7
Axes           | 2 |  2.0
Fighting       | |  3.6
Invocations    | |  2.6

Action                   |  1- 3 |  4- 6 || total
-------------------------+-------+-------++-------
Melee: Hand axe          |   139 |    22 ||   161
Invok: Depart the Abyss  |     1 |       ||     1
  Use: Potion            |       |     1 ||     1
  Eat: Chunk             |     2 |       ||     2
Armor: Scale mail        |    69 |     9 ||    78
Dodge: Dodged            |    94 |     8 ||   102
